 Dungeon Crawl Stone Soup version 0.28-a0-1629-gf728b707aa (webtiles) character file.

Game seed: 15107011044636097396

237 HallandMoats the Skirmisher (level 6, 52/52 HPs)
             Began as a Ghoul Fighter on Jan 25, 2022.
             Was an Initiate of Yredelemnul.
             Safely got out of the dungeon.
             The game lasted 00:02:17 (2191 turns).

HallandMoats the Skirmisher (Ghoul Fighter)         Turns: 2191, Time: 00:02:17

Health: 52/52      AC:  6    Str: 20    XL:     6   Next: 6%
Magic:  7/7        EV:  9    Int:  5    God:    Yredelemnul [......]
Gold:   29         SH:  4    Dex:  8    Spells: 5/5 levels left

rFire   . . .      SeeInvis .   f - +2 short sword (speed)
rCold   + . .      Faith    .   c - +0 buckler
rNeg    + + +      Spirit   .   b - +0 scale mail
rPois   ∞          Reflect  .   (no helmet)
rElec   .          Harm     .   (no cloak)
rCorr   .          Rampage  .   (no gloves)
Will    .....                   (no boots)
Stlth   ..........              (no amulet)
HPRegen 0.17/turn               (no ring)
MPRegen 0.10/turn               (no ring)

@: no status effects
A: claws 1, cold resistance 1, negative energy resistance 3, inhibited
regeneration, torment resistance 2
a: Renounce Religion, Recall Undead Harvest


You escaped.
You worshipped Yredelemnul.
Yredelemnul was noncommittal.
You visited 1 branch of the dungeon, and saw 2 of its levels.

You collected 29 gold pieces.

Inventory:

Hand Weapons
 a - a +0 trident
 f - a +2 short sword of speed (weapon)
Armour
 b - a +0 scale mail (worn)
 c - a +0 buckler (worn)
Scrolls
 e - a scroll of silence {unknown}
 g - a scroll of teleportation {unknown}
 h - 2 scrolls of enchant armour {unknown}
 i - a scroll of fear {unknown}
Potions
 j - a potion of degeneration {unknown}
 k - a potion of haste {unknown}
 l - a potion of curing {unknown}


   Skills:
 + Level 3.9 Fighting
 * Level 3.2 Polearms
 + Level 3.2 Armour
 + Level 1.5 Dodging
 + Level 3.2 Shields
 * Level 2.8 Invocations


You had 5 spell levels left.
You didn't know any spells.
Your spell library contained the following spells:

 Spells                   Type           Power      Damage    Failure   Level
 Blink                    Tloc           0%         N/A       96%         2
 Lesser Beckoning         Tloc           0%         N/A       99%         3
 Leda's Liquefaction      Hex/Erth       0%         N/A       100%        4
 Lee's Rapid Deconstruct  Erth           0%         3d5*      100%        5
 Manifold Assault         Tloc           0%         N/A       100%        5
 Statue Form              Tmut/Erth      Unusable   N/A       N/A         6

Dungeon Overview and Level Annotations

Branches:
Dungeon (2/15)

Altars:
Yredelemnul

Shops:
D:1 *


Innate Abilities, Weirdness & Mutations

You thrive by killing the living.
You are immune to poison.
You have sharp fingernails.
Your flesh is cold resistant. (rC+)
You are immune to negative energy. (rN+++)
You do not regenerate when monsters are visible.
You are immune to unholy pain and torment.


Message History

No target in view!
No target in view!
No target in view!
No target in view!
No target in view!
No target in view!
No target in view!
No target in view!
No target in view!
No target in view!
No target in view!
No target in view!
No target in view!
No target in view!
No target in view!
No target in view!
No target in view!
No target in view!
No target in view!
No target in view!
No target in view!
No target in view!
No target in view!
Found a short sword.
Found a stone staircase leading down.
You see here a +0 dagger.
Done exploring.
Done exploring.
Done exploring.
Done exploring.
(D) Dungeon
Where to? (Enter - D:2, ? - help)
What level of the Dungeon? (default 1, ? - help)
There is a stone staircase leading up here.
You climb upwards.
There is a stone staircase leading down here.
There is a fountain of clear blue water here.
There is a staircase leading out of the dungeon here.
Are you sure you want to leave the Dungeon?
This will make you lose the game!
You have escaped!

#######################
#.....................#
#.............8...8...#
#..#########..........#
...#≈≈≈≈≈≈≈#.⌠......⌠.#
...#≈≈≈≈≈≈S#....@.....#
...#≈≈≈≈≈≈≈#.⌠......⌠.#
#..#########..........#
#.............8...8...#
#.....................#
#######################
########.#.......#
.>.......###.###.#
#+####.....#.# #.#


You could see an electric eel.

Vanquished Creatures
  Sigmund (D:2)
  A bullfrog skeleton (D:2)
  An adder (D:2)
  2 worms (D:2)
  2 ball pythons
  3 endoplasms
  2 giant cockroaches
  3 hobgoblins
  4 jackals (D:2)
  4 quokkas
  A bat (D:1)
  6 frilled lizards
  A goblin (D:2)
  5 kobolds
  4 rats
40 creatures vanquished.

Vanquished Creatures (collateral kills)
  A worm (D:2)
  A ball python (D:2)
  A giant cockroach (D:2)
  A hobgoblin (D:2)
  A kobold (D:2)
  A rat (D:2)
6 creatures vanquished.

Vanquished Creatures (others)
  2 adder zombies (D:2)
  A ball python zombie (D:2)
  A frilled lizard zombie (D:2)
  2 giant cockroach zombies (D:2)
  A hobgoblin zombie (D:2)
  A kobold zombie (D:2)
  A quokka zombie (D:2)
  2 rat zombies (D:2)
  A spectral endoplasm (D:2)
12 creatures vanquished.

Grand Total: 58 creatures vanquished

Notes
Turn   | Place    | Note
-------+----------+-------------------------------------------
     0 | D:1      | HallandMoats the Ghoul Fighter began the quest for the Orb.
     0 | D:1      | Reached XP level 1. HP: 19/19 MP: 0/0
     1 | D:1      | Noticed an electric eel
   186 | D:1      | Found Ulihafo's General Store.
   192 | D:1      | Reached XP level 2. HP: 26/26 MP: 1/1
   471 | D:1      | Reached skill level 1 in Invocations
   870 | D:2      | Reached XP level 3. HP: 25/31 MP: 2/2
  1117 | D:2      | Found a faded altar of an unknown god.
  1119 | D:2      | Identified the +2 ring mail of Ylif {rElec rC+++ Str+6
                  | Int-2}
  1127 | D:2      | Prayed at the altar of an unknown god.
  1127 | D:2      | Became a worshipper of Yredelemnul the Dark
  1127 | D:2      | Reached * piety under Yredelemnul
  1196 | D:2      | Reached ** piety under Yredelemnul
  1223 | D:2      | Reached XP level 4. HP: 32/39 MP: 4/4
  1379 | D:2      | Noticed Sigmund
  1414 | D:2      | Reached skill level 1 in Dodging
  1455 | D:2      | Killed Sigmund
  1456 | D:2      | Reached XP level 5. HP: 2/46 MP: 4/6
  1456 | D:2      | Reached XP level 6. HP: 3/52 MP: 4/7
  2191 | D:$      | Safely got out of the dungeon.

Illustrated notes

Levels and vault maps discovered:
D:1:      arrival_aquarium_a, layout_basic, serial_shops,
          nicolae_shop_hallway_plus, minmay_misc_feat_diagonals
D:2:      layout_loops_cross, shapermc_ecumenical_altar_starsandcircs,
          hangedman_decor_clover_reticule, uniq_sigmund

Skill      XL: |  1  2  3  4 |
---------------+-------------+-----
Polearms       | 2 3 |  3.2
Invocations    | 1 2 |  2.8
Armour         | 3 |  3.2
Dodging        | 1 |  1.5
Shields        | 3 |  3.2
Fighting       | |  3.9

Action                   |  1- 3 |  4- 6 || total
-------------------------+-------+-------++-------
Melee: Trident           |    24 |       ||    24
       Short sword       |    78 |    48 ||   126
  Use: Potion            |       |     1 ||     1
Armor: Scale mail        |    31 |    16 ||    47
Dodge: Dodged            |    33 |     7 ||    40
Block: Buckler           |    19 |     3 ||    22

Table legend: (Time is in decaauts)
 A = Elapsed time spent in this place.
 B = Non-inter-level travel time spent in this place.
 C = Inter-level travel time spent in this place.
 D = Time resting spent in this place.
 E = Time spent auto-exploring this place.
 F = Levels seen in this place.
 G = Mean time per level.
                   A        B        C        D        E       F      G
               +--------+--------+--------+--------+--------+-----+--------+
         Total |   2167 |   2080 |     87 |      0 |   1745 |   2 | 1083.5 |
       Dungeon |   2167 |   2080 |     87 |      0 |   1745 |   2 | 1083.5 |
               +--------+--------+--------+--------+--------+-----+--------+

Top non-repeatable levels by time:
     D:2: 1283 daAuts
     D:1: 884 daAuts
